 Dungeon Crawl Stone Soup version 0.22.0-6-g71bd7aa (webtiles) character file.

299 mopl the Slasher (level 6, -3/35 HPs)
             Began as a Tengu Warper on Aug 14, 2018.
             Splashed by a jelly's acid (7 damage)
             ... on level 3 of the Dungeon.
             The game lasted 00:05:04 (2718 turns).

mopl the Slasher (Tengu Warper)                     Turns: 2718, Time: 00:05:05

Health: -3/35      AC:  1    Str: 13    XL:     6   Next: 36%
Magic:  10/10      EV: 11    Int: 14    God:
Gold:   134        SH:  0    Dex: 13    Spells: 5/9 levels left

rFire    . . .     SeeInvis .   a - +0 falchion
rCold    . . .     Gourm    .   (no shield)
rNeg     . . .     Faith    .   l - +0 ring mail
rPois    .         Spirit   .   (helmet restricted)
rElec    .         Reflect  .   (no cloak)
rCorr    .         Harm     .   (no gloves)
MR       .....                  (boots unavailable)
Stlth    ..........             (no amulet)
HPRegen  0.11/turn              j - ring of wizardry
MPRegen  0.12/turn              t - ring of attention (curse)

@: corroded
A: beak, talons 3, able to fly 1
a: Fly


You were on level 3 of the Dungeon.
You were not hungry.

You visited 1 branch of the dungeon, and saw 3 of its levels.

You collected 134 gold pieces.

Inventory:

Hand Weapons
 a - a +0 falchion (weapon)
Missiles
 e - 5 tomahawks of dispersal (quivered)
 h - 3 needles of sleeping
 w - 14 poisoned needles
Armour
 l - a +0 ring mail (worn)
Jewellery
 j - a ring of wizardry (left hand)
 t - a cursed ring of attention (right hand)
Scrolls
 d - a scroll of blinking
 g - a scroll of identify
 k - 2 scrolls of remove curse {unknown}
 n - 2 scrolls of enchant armour {unknown}
 p - a scroll of noise {unknown}
 q - a scroll of fog {unknown}
 r - a scroll of immolation {unknown}
 s - a scroll of magic mapping {unknown}
Potions
 b - 2 potions of mutation {!q}
 c - 2 potions of flight
 i - 2 potions of haste
 m - 2 potions of heal wounds
 o - a potion of curing
 u - 2 potions of cancellation {unknown}
Comestibles
 f - 7 rations
 v - 3 chunks of flesh


   Skills:
 - Level 2.0 Fighting
 + Level 7.2 Long Blades
 - Level 1.0 Throwing
 - Level 1.1 Armour
 - Level 2.1 Dodging
 - Level 2.0 Spellcasting
 - Level 2.4 Translocations


You had 5 spell levels left.
You knew the following spells:

 Your Spells              Type           Power        Failure   Level  Hunger
e - Blink                 Tloc           N/A          12%         2    ###....
f - Shroud of Golubria    Chrm/Tloc      #.........   19%         2    ###....

Your spell library contained the following spells:

 Spells                   Type           Power        Failure   Level  Hunger
 Teleport Other           Tloc           #.......     22%         3    ####...
 Passage of Golubria      Tloc           N/A          56%         4    #####..
 Gell's Gravitas          Tloc           #.........   22%         3    ####...
 Lesser Beckoning         Tloc           #.........   22%         3    ####...


Dungeon Overview and Level Annotations

Branches:
Dungeon (3/15)

Altars:
Fedhas
Trog
Vehumet


Innate Abilities, Weirdness & Mutations

You have a beak for a mouth.
You have claws for feet.
You can fly.


Message History

* * * LOW HITPOINT WARNING * * *
You claw the jelly.
The jelly is almost dead.
The jelly barely misses you.
You see here 3 stones.
You see here a stone.
There is an open door here.
You aren't carrying any items that you can evoke.
Unknown command.
You barely miss the jelly. You claw the jelly, but do no damage.
You peck the jelly, but do no damage.
The jelly is almost dead.
The jelly barely misses you.
You hit the jelly. The acid corrodes you!
Your hands burn!
* * * LOW HITPOINT WARNING * * *
The jelly is almost dead.
The jelly hits you.
* * * LOW HITPOINT WARNING * * *
You are splashed with acid!
The acid burns!
You die...

#..## #.# ## ###[..###+###
.###...#.......# ######
..##.###)......+ .J.J..#
######## #.##.# #.......#
P.P÷.P.##......###..#.#
#.......#
#)#.......##..#.###.......#
#.#........'..#.##.......##
#.#.....JJ@'..#.##.......#
#J#'#......'(.#.##.......#
#.#.#.....##..#.##.......##
#(#J#...)####)))........>..
##(####### ###.#####.##.##
### #.# #..#.# ##### #.#
##.#.# ....# #.# #...#
....# ########.# ##..##


You could see a jelly and an ooze.

Vanquished Creatures
  Sigmund (D:3)
  6 adders
  An ooze (D:3)
  4 leopard geckos
  6 bats
  8 giant cockroaches
  10 hobgoblins
  6 jackals (D:1)
  10 kobolds
  A quokka (D:3)
  2 frilled lizards
  4 goblins
  7 rats
66 creatures vanquished.

Vanquished Creatures (others)
  A fungus (D:3)
  9 toadstools (D:3)
10 creatures vanquished.

Grand Total: 76 creatures vanquished

Notes
Turn   | Place    | Note
-------+----------+-------------------------------------------
     0 | D:1      | mopl the Tengu Warper began the quest for the Orb.
     0 | D:1      | Reached XP level 1. HP: 12/12 MP: 4/4
    58 | D:1      | Reached XP level 2. HP: 17/17 MP: 6/6
    64 | D:1      | Learned a level 2 spell: Blink
    82 | D:1      | Reached skill level 3 in Long Blades
   750 | D:2      | Reached XP level 3. HP: 21/21 MP: 7/7
   837 | D:2      | Noticed Sigmund
   869 | D:3      | Found a radiant altar of Vehumet.
   872 | D:3      | Reached skill level 4 in Long Blades
  1135 | D:2      | Found a bloodstained altar of Trog.
  1426 | D:2      | Reached XP level 4. HP: 26/26 MP: 8/8
  1430 | D:2      | Learned a level 2 spell: Shroud of Golubria
  1795 | D:2      | Reached skill level 5 in Long Blades
  2315 | D:3      | Found a blossoming altar of Fedhas.
  2392 | D:3      | Gained mutation: You can fly. [Tengu growth]
  2392 | D:3      | Reached XP level 5. HP: 14/30 MP: 9/9
  2660 | D:3      | Killed Sigmund
  2660 | D:3      | Reached skill level 7 in Long Blades
  2660 | D:3      | Reached XP level 6. HP: 26/35 MP: 6/10
  2718 | D:3      | Splashed by a jelly's acid

Skill      XL: |  1  2  3  4  5 |
---------------+----------------+-----
Long Blades    | 3 4 5 7 |  7.2
Fighting       | |  2.0
Throwing       | |  1.0
Armour         | |  1.1
Dodging        | |  2.1
Spellcasting   | |  2.0
Translocations | |  2.4

Action                   |  1- 3 |  4- 6 || total
-------------------------+-------+-------++-------
Melee: Falchion          |    77 |    86 ||   163
       Kick              |    18 |    22 ||    40
       Peck              |    12 |    14 ||    26
 Abil: Fly               |       |     1 ||     1
  Use: Scroll            |     5 |       ||     5
       Potion            |       |     2 ||     2
  Eat: Chunk             |     2 |     4 ||     6
Armor: Leather armour    |    10 |       ||    10
       Ring mail         |    18 |    35 ||    53
Dodge: Dodged            |    55 |    62 ||   117
       Rpst.: Falchion   |    20 |    17 ||    37
